 Dungeon Crawl Stone Soup version 0.30-a0-313-gae38170b09 (webtiles) character file.

Game seed: 18250760803807459708

951 Harunobu the Trooper (level 7, -1/66 HPs)
             Began as a Minotaur Monk on Oct 25, 2022.
             Was a Believer of Okawaru.
             Killed from afar by Maggie (27 damage)
             ... with a bolt of fire
             ... on level 6 of the Dungeon on Oct 26, 2022.
             The game lasted 00:07:18 (4327 turns).

Harunobu the Trooper (Minotaur Monk)                Turns: 4327, Time: 00:07:18

Health: -1/66      AC: 13    Str: 17    XL:     7   Next: 90%
Magic:  6/6        EV:  6    Int:  7    God:    Okawaru [**....]
Gold:   243        SH:  0    Dex: 13    Spells: 6/6 levels left

rFire   . . .      SeeInvis .    v - +0 whip
rCold   . . .      Faith    .    (no shield)
rNeg    . . .      Spirit   .    o - +0 plate armour
rPois   .          Reflect  .    (helmet restricted)
rElec   .          Harm     .    (no cloak)
rCorr   .          Rampage  .    (no gloves)
Will    .....                    l - +2 pair of boots
Stlth   ..........               (no amulet)
HPRegen 0.31/turn                (no ring)
MPRegen 0.10/turn                (no ring)

@: no status effects
A: horns 2, retaliatory headbutt
a: Renounce Religion, Heroism


You were on level 6 of the Dungeon.
You worshipped Okawaru.
Okawaru was pleased with you.
You visited 2 branches of the dungeon, and saw 7 of its levels.
You also visited: Sewer.

You collected 243 gold pieces.

Inventory:

Hand Weapons
 a - a +0 mace
 v - a +0 whip (weapon)
Armour
 b - a +0 robe
 i - a +0 pair of boots
 l - a +2 pair of boots (worn)
 o - a +0 plate armour (worn)
Wands
 t - a wand of flame (35)
Scrolls
 d - 4 scrolls of immolation {unknown}
 f - 2 scrolls of teleportation {unknown}
 g - 2 scrolls of enchant weapon {unknown}
 k - 2 scrolls of identify {unknown}
 m - a scroll of butterflies {unknown}
 p - 2 scrolls of poison {unknown}
 q - a scroll of enchant armour {unknown}
 s - a scroll of amnesia {unknown}
 u - 2 scrolls of blinking {unknown}
 x - 2 scrolls of magic mapping {unknown}
 y - a scroll of brand weapon {unknown}
Potions
 c - a potion of ambrosia
 e - 2 potions of degeneration {unknown}
 h - a potion of mutation {unknown}
 j - a potion of resistance {unknown}
 n - 2 potions of heal wounds
 r - a potion of curing {unknown}
 w - a potion of magic {unknown}


   Skills:
 + Level 7.2 Fighting
 - Level 3.6 Maces & Flails
 + Level 6.6 Dodging
 + Level 4.9 Stealth


You had 6 spell levels left.
You didn't know any spells.
Your spell library contained the following spells:

 Spells                   Type           Power      Damage    Failure   Level
 Gell's Gravitas          Tloc           0%         N/A       100%        3
 Teleport Other           Tloc           0%         N/A       100%        3
 Airstrike                Air            0%         2d(0-16)  100%        4
 Lightning Bolt           Conj/Air       0%         1d11      100%        5
 Dispersal                Tloc           0%         N/A       100%        6
 Summon Lightning Spire   Summ/Air       Unusable   N/A       N/A         4

Dungeon Overview and Level Annotations

Branches:
Dungeon (6/15)             Temple (1/1) D:4           Sewer (visited)

Altars:
Fedhas
Gozag
Makhleb
Okawaru
Qazlal
Trog
Vehumet
Wu Jian

Annotations:
D:5 Edmund
D:6 Maggie


Innate Abilities, Weirdness & Mutations

You have a pair of horns on your head.
You reflexively headbutt those who attack you in melee.


Message History

The iguana bites you but does no damage.
You hit the iguana but do no damage.
The iguana is almost dead.
Maggie hits you but does no damage.
The iguana bites you but does no damage.
You whack the iguana!
You kill the iguana!
Okawaru accepts your kill. Maggie hits you but does no damage.
You hit Maggie. Your headbutt misses Maggie.
Maggie is lightly wounded.
Maggie smiles, but it's obviously fake.
Maggie barely misses you.
You hit Maggie. Your headbutt misses Maggie.
Maggie is lightly wounded.
Maggie hits you but does no damage.
You closely miss Maggie. You headbutt Maggie!
Maggie is moderately wounded.
You break out of your daze.
Maggie hits you with a +2 scimitar of holy wrath.
You closely miss Maggie.
Maggie is moderately wounded.
Maggie hits you with a +2 scimitar of holy wrath!
You hit Maggie.
Maggie is moderately wounded.
Maggie hits you but does no damage.
You barely miss Maggie.
Maggie is moderately wounded.
You barely miss Maggie. You headbutt Maggie.
Maggie is moderately wounded.
Maggie hits you with a +2 scimitar of holy wrath.
You hit Maggie. Your headbutt misses Maggie.
Maggie is moderately wounded.
Maggie says, "Leave now, and tell all of Margery's mercy!"
Maggie hits you with a +2 scimitar of holy wrath!
You hit Maggie. You headbutt Maggie.
Maggie is heavily wounded.
Maggie gestures at you while chanting. The bolt of fire hits you!!
You die...

.###...##+# #...
..# ...# ...#
...# #..#
#+###########..##
.........@......#
........@†......#
................#
#+###......###..#
##......## .@#
...........# ....
...........#
....#
............#
....#
)...........#
...(#
............#
....#


You could see Maggie.

Vanquished Creatures
  Prince Ribbit (D:5)
  A phantom (D:5)
  2 kobold brigands (Sewer)
  2 scorpions
  An orc priest (D:5)
  A hound (D:6)
  3 iguanas
  15 adders
  A gnoll (D:1)
  4 river rats
  A shadow imp (D:6)
  2 worms
  A dart slug (D:1)
  3 orcs
  3 bats
  4 endoplasms
  7 hobgoblins
  7 jackals
  9 kobolds
  7 quokkas
  10 ball pythons
  7 frilled lizards
  7 goblins
  9 rats
108 creatures vanquished.

Vanquished Creatures (others)
  3 plants (Sewer)
3 creatures vanquished.

Grand Total: 111 creatures vanquished

Notes
Turn   | Place    | Note
-------+----------+-------------------------------------------
     0 | D:1      | Harunobu the Minotaur Monk began the quest for the Orb.
     0 | D:1      | Reached XP level 1. HP: 19/19 MP: 0/0
    25 | D:1      | Reached XP level 2. HP: 8/27 MP: 1/1
    38 | D:2      | Found a faded altar of an unknown god.
    51 | D:2      | Reached skill level 4 in Fighting
   204 | D:2      | Reached XP level 3. HP: 28/33 MP: 2/2
   356 | D:1      | You fall into a shaft and drop 1 floor!
   733 | D:2      | Reached XP level 4. HP: 37/41 MP: 3/3
  1489 | D:3      | Reached skill level 5 in Fighting
  1489 | D:3      | Reached XP level 5. HP: 30/48 MP: 4/4
  1736 | D:3      | Found a burning altar of Makhleb.
  2216 | D:4      | Found a glowing drain.
  2225 | Sewer    | Entered a sewer
  2311 | Sewer    | Reached skill level 5 in Dodging
  2369 | Sewer    | Reached XP level 6. HP: 54/57 MP: 5/5
  2460 | Sewer    | Reached skill level 6 in Fighting
  3308 | D:4      | Found a staircase to the Ecumenical Temple.
  3315 | Temple   | Entered the Ecumenical Temple
  3325 | Temple   | Became a worshipper of Warmaster Okawaru
  3325 | Temple   | Reached * piety under Okawaru
  3325 | Temple   | Reached ** piety under Okawaru
  3526 | D:5      | Entered Level 5 of the Dungeon
  3532 | D:5      | Noticed Prince Ribbit
  3559 | D:5      | Killed Prince Ribbit
  3560 | D:5      | Reached XP level 7. HP: 37/64 MP: 6/6
  3992 | D:6      | Reached skill level 7 in Fighting
  4122 | D:5      | Noticed Edmund
  4303 | D:6      | Noticed Maggie
  4327 | D:6      | Killed from afar by Maggie

Illustrated notes

Levels and vault maps discovered:
D:1:      roderic_dead_forest, layout_rooms, kennysheep_doodads,
          minmay_pentomino_p2
D:2:      layout_loops_ring, shapermc_ecumenical_altar_starsandcircs
D:3:      layout_basic, bloody_makhleb, st_stairs_11, minmay_fountain_box,
          kennysheep_big_empty_room
D:4:      layout_gridville, minmay_temple_entry_trees, portal_sewer_entry_e
D:5:      layout_basic, evilmike_ruin_ashenzari, uniq_edmund,
          uniq_prince_ribbit1, uniq_menkaure
D:6:      layout_gridville, serial_shops, kennysheep_little_box, uniq_maggie,
          uniq_sigmund
Temple:   hellmonk_temple_forest_ring

Skill      XL: |  1  2  3  4  5  6  7 |
---------------+----------------------+-----
Stealth        | 2 3 4 |  4.9
Fighting       | 4 5 6 7 |  7.2
Dodging        | 4 5 6 |  6.6
Maces & Flails | |  3.6

Action                   |  1- 3 |  4- 6 |  7- 9 || total
-------------------------+-------+-------+-------++-------
Melee: Mace              |    52 |    98 |       ||   150
       Headbutt          |     7 |    37 |    16 ||    60
       Whip              |       |   123 |    78 ||   201
       Punch             |       |     2 |     1 ||     3
  Use: Potion            |       |     1 |       ||     1
 Stab: Sleeping          |     3 |       |       ||     3
Armor: Robe              |     9 |     1 |       ||    10
       Plate armour      |       |   135 |    60 ||   195
Dodge: Dodged            |    38 |    79 |    27 ||   144

Table legend: (Time is in decaauts)
 A = Elapsed time spent in this place.
 B = Non-inter-level travel time spent in this place.
 C = Inter-level travel time spent in this place.
 D = Time resting spent in this place.
 E = Time spent auto-exploring this place.
 F = Levels seen in this place.
 G = Mean time per level.
                   A        B        C        D        E       F      G
               +--------+--------+--------+--------+--------+-----+--------+
         Total |   4472 |   4358 |    114 |   1052 |   2145 |   8 |  559.0 |
       Dungeon |   3523 |   3417 |    106 |    785 |   1636 |   6 |  587.2 |
        Temple |     19 |     11 |      8 |      0 |      0 |   1 |   19.0 |
         Sewer |    929 |    929 |      0 |    267 |    508 |   1 |  929.0 |
               +--------+--------+--------+--------+--------+-----+--------+

Top non-repeatable levels by time:
   Sewer: 929 daAuts
     D:3: 847 daAuts
     D:2: 785 daAuts
     D:4: 716 daAuts
     D:5: 451 daAuts
     D:1: 380 daAuts
     D:6: 342 daAuts
  Temple: 19 daAuts
